 Dungeon Crawl Stone Soup version 0.21.0-25-ge575cb9ce8 (webtiles) character file.

27653 DildoBatman the Bewitcher (level 13, -18/96 HPs)
             Began as a Formicid Enchanter on Jan 23, 2018.
             Was a High Priest of Sif Muna.
             Demolished by a red ugly thing (21 damage)
             ... on level 14 of the Dungeon.
             The game lasted 01:36:42 (19659 turns).

DildoBatman the Bewitcher (Formicid Enchanter)     Turns: 19659, Time: 01:36:43

Health: -18/96     AC: 10    Str: 17    XL:     13   Next: 67%
Magic:  24/35      EV: 13    Int: 22    God:    Sif Muna [*****.]
Gold:   287        SH:  0    Dex: 11    Spells: 19/30 levels left

rFire    . . .     SeeInvis +   a - +1 falchion of Summer {holy, Int+6}
rCold    + . .     Gourm    .   (no shield)
rNeg     . . .     Faith    .   o - +3 troll leather armour {Snorg}
rPois    .         Spirit   .   (helmet unavailable)
rElec    +         Reflect  .   P - scarf {cloud immunity}
rCorr    .         Harm     +   p - +0 pair of gloves
MR       ++...                  N - +0 pair of boots
Stlth    +++++.....             n - amulet of Attitude {Harm *Drain rElec MR+ Stlth+}
HPRegen  0.66/turn              k - ring of stealth
MPRegen  0.24/turn              q - ring of magical power

@: no status effects
A: permanent stasis, dig shafts and tunnels, four strong arms, antennae 3, cold
resistance 1, electricity resistance
a: Dig, Shaft Self, Divine Energy, Channel Magic, Forget Spell, Renounce
Religion


You were on level 14 of the Dungeon.
You worshipped Sif Muna.
Sif Muna was extremely pleased with you.
You were very hungry.

You visited 2 branches of the dungeon, and saw 15 of its levels.
You visited 1 bazaar.
You also visited: Bailey.

You collected 892 gold pieces.
You spent 605 gold pieces at shops.

Inventory:

Hand Weapons
 a - the +1 falchion of Summer (weapon) {holy, Int+6}
   (You bought it in a shop in a bazaar)

   It has been blessed by the Shining One to cause great damage to the undead
   and demons.
   It affects your intelligence (+6).
 b - the +4 spear of Fifongao {freeze, Dex+2}
   (You found it on level 9 of the Dungeon)

   It has been specially enchanted to freeze those struck by it, causing extra
   injury to most foes and up to half again as much damage against particularly
   susceptible opponents.
   It can also slow down cold-blooded creatures.
   It affects your dexterity (+2).
 c - the +8 dagger of Currency {pain, +Inv rC+}
   (You found it on level 7 of the Dungeon)

   In the hands of one skilled in necromantic magic, it inflicts extra damage on
   living creatures.
   It protects you from cold.
   It lets you turn invisible.
 d - a +1 scimitar of flaming
 e - a +2 dagger of venom
 f - the +4 dagger of Butchery {flame, rElec rC+}
   (You bought it in a shop in a bazaar)

   It has been specially enchanted to burn those struck by it, causing extra
   injury to most foes and up to half again as much damage against particularly
   susceptible opponents.
   It protects you from cold.
   It insulates you from electricity.
 g - the +6 hand axe "Gifous" {chop, rF- Int+5 Dex+5}
   (You took it off an orc priest on level 10 of the Dungeon)

   It inflicts extra damage upon your enemies.
   It affects your intelligence (+5).
   It affects your dexterity (+5).
   It makes you vulnerable to fire.
 U - a +0 dagger of venom
Armour
 o - a +3 troll leather armour (worn) {Snorg}
 p - a +0 pair of gloves (worn)
 B - a +2 robe of fire resistance
 F - a +2 robe of cold resistance
 M - the +1 leather armour "Wisew" {Str+6}
   (You bought it in a shop in a bazaar)

   It affects your strength (+6).
 N - a +0 pair of boots (worn)
 P - a scarf of cloud immunity (worn)
Jewellery
 k - a ring of stealth (left hand)
 n - the amulet of Attitude (around neck) {Harm *Drain rElec MR+ Stlth+}
   (You took it off a gnoll in a bailey)

   [amulet of harm]

   It increases damage dealt and taken.
   It insulates you from electricity.
   It affects your resistance to hostile enchantments.
   It causes draining when unequipped.
   It makes you more stealthy.
 q - a ring of magical power (right hand)
 O - an uncursed ring of protection from cold
 R - a +2 amulet of reflection
Wands
 u - a wand of acid (9)
 w - a wand of disintegration (12)
 A - a wand of paralysis (12)
 G - a wand of flame (70)
 H - a wand of polymorph (29)
 K - a wand of clouds (8)
Scrolls
 h - a scroll of amnesia {unknown}
 m - 3 scrolls of fear
 r - 3 scrolls of enchant weapon {unknown}
 s - 4 scrolls of magic mapping {unknown}
 x - 9 scrolls of remove curse
 y - a scroll of immolation {unknown}
 z - 6 scrolls of identify
 E - 2 scrolls of enchant armour
 L - a scroll of silence {unknown}
Potions
 i - a potion of mutation
 l - 5 potions of curing
 I - 3 potions of cancellation
 J - a potion of might {unknown}
 Q - 2 potions of flight
Books
 t - a book of Air

   Spells                             Type                      Level
   a - Shock                          Conjuration/Air              1
   b - Swiftness                      Charms/Air                   2
   c - Static Discharge               Conjuration/Air              3
   d - Airstrike                      Air                          4
   e - Lightning Bolt                 Conjuration/Air              5
 C - a book of Debilitation

   Spells                             Type                      Level
   a - Corona                         Hexes                        1
   b - Slow                           Hexes                        2
   c - Inner Flame                    Hexes/Fire                   3
   d - Portal Projectile              Hexes/Translocation          3
   e - Cause Fear                     Hexes                        4
   f - Leda's Liquefaction            Hexes/Earth                  4
 D - a book of Necromancy

   Spells                             Type                      Level
   a - Pain                           Necromancy                   1
   b - Animate Skeleton               Necromancy                   1
   c - Vampiric Draining              Necromancy                   3
   d - Regeneration                   Charms/Necromancy            3
   e - Animate Dead                   Necromancy                   4
   f - Borgnjor's Vile Clutch         Necromancy/Earth             5
 S - a book of Changes

   Spells                             Type                      Level
   a - Beastly Appendage              Transmutation                1
   b - Sticks to Snakes               Transmutation                2
   c - Spider Form                    Transmutation/Poison         3
   d - Ice Form                       Ice/Transmutation            4
   e - Blade Hands                    Transmutation                5
 T - Sif Muna's Reference Book on Damage Dealing and Bewitchment
   (Sif Muna gifted it to you on level 14 of the Dungeon)

   Spells                             Type                      Level
   a - Slow                           Hexes                        2
   b - Throw Icicle                   Conjuration/Ice              4
   c - Leda's Liquefaction            Hexes/Earth                  4
   d - Irradiate                      Conjuration/Transmutation    5
   e - Discord                        Hexes                        8
Miscellaneous
 j - 2 sacks of spiders
Comestibles
 v - 12 rations


   Skills:
 - Level 7.0 Fighting
 - Level 1.0 Short Blades
 - Level 7.0 Armour
 - Level 4.0 Dodging
 - Level 8.0 Stealth
 - Level 9.0 Spellcasting
 * Level 17.2 Hexes
 - Level 9.0 Evocations


You had 19 spell levels left.
You knew the following spells:

 Your Spells              Type           Power        Failure   Level  Hunger
a - Slow                  Hex            ######..     0%          2    None
b - Confuse               Hex            ######..     1%          3    None
c - Regeneration          Chrm/Necr      #.........   24%         3    None
h - Swiftness             Chrm/Air       #.......     12%         2    None
v - Corona                Hex            ######.      0%          1    None


Dungeon Overview and Level Annotations

Branches:
Dungeon (14/15)            Temple (1/1) D:7            Lair (0/6) D:8
    Orc (0/2) D:12         Vaults (0/5) D:13

Altars:
Ashenzari
Cheibriados
Dithmenos
Elyvilon
Fedhas
Gozag
Hepliaklqana
Kikubaaqudgha
Makhleb
Nemelex Xobeh
Okawaru
Qazlal
Ru
Sif Muna
Trog
Uskayaw
Vehumet
Wu Jian
Xom
Yredelemnul
Zin
The Shining One

Shops:
D:8 (

Annotations:
D:4 LiquoriceLizzard's ghost, amateur GnWn
D:5 Dowan; Duvessa
D:7 exclusion: 5 killer bees
D:8 Gastronok


Innate Abilities, Weirdness & Mutations

You cannot be hasted, slowed, berserked, paralysed or teleported.
You can dig through walls and to a lower floor.
Your four strong arms can wield two-handed weapons with a shield.
You have a pair of large antennae on your head. (SInv)
Your flesh is cold resistant. (rC+)
You are resistant to electric shocks. (rElec)


Message History

The red ugly thing misses you.
Casting: Confuse
Confirm with . or Enter, or press ? or * to list all spells.
Aiming: Slow
Press: ? - help, Shift-Dir - straight line, f/p - red ugly thing
Aim: a red ugly thing (heavily wounded, slow, chance to defeat MR: 76%)
The red ugly thing seems to slow down.
The red ugly thing claws you!
You are engulfed in flames!
The red ugly thing claws you!
You are engulfed in flames!
Casting: Slow
Confirm with . or Enter, or press ? or * to list all spells.
Aiming: Confuse
Press: ? - help, Shift-Dir - straight line, f/p - red ugly thing
Aim: a red ugly thing (moderately wounded, slow, chance to defeat MR: 66%)
The red ugly thing struggles to resist.
The red ugly thing claws you.
You are engulfed in flames!!
You die...

#........# #.(#.....#
#..##..#########
...............#
#...#..#######.# #......#
#{#### .......# #....#
#########
#.###{.##########.####........
#.#<#%>.........@.............
#.#.......#######u####........
#...#.........................
###.#...#.#######.############
#.#.....#..uu...######
#.#######.#..........#
#.#..u....#..........#
#.#.#######..........#
#.#.#######..........#


You could see a red ugly thing.

Vanquished Creatures
  Snorg (D:11)
  4 vault guards
  A hydra (D:12)
  Erica (D:10)
  Erolcha (D:13)
  4 two-headed ogres
  2 tengu warriors
  4 unseen horrors
  8 ugly things
  2 deep elf magi
  2 cyclopes (D:13)
  A gargoyle (D:10)
  A kobold demonologist (D:11)
  5 trolls
  A hornet (D:7)
  4 hippogriffs
  4 yaks (D:11)
  2 wraiths
  A human (D:5)
  Grum (D:11)
  A basilisk (D:13)
  3 vampire mosquitoes (D:13)
  A hungry ghost (D:12)
  A water moccasin (D:5)
  2 hell hounds (D:8)
  4 orc warriors
  4 sky beasts
  An eye of draining (D:10)
  A black bear (D:6)
  An ice beast (D:6)
  5 phantoms
  9 ogres
  3 wolves (D:11)
  8 centaurs
  A crocodile (D:12)
  A big kobold (D:11)
  10 bullfrogs
  9 gnoll sergeants
  A wyvern zombie (D:13)
  8 killer bees
  A scorpion (D:7)
  3 wights (D:10)
  5 howler monkeys
  3 crimson imps
  A bullfrog zombie (D:8)
  A centaur zombie (D:8)
  2 quasits
  4 jellies
  3 bullfrog skeletons
  14 orc wizards
  12 hounds
  6 orc priests
  6 gnoll shamans (Bailey)
  5 centaur skeletons
  A human skeleton (D:6)
  6 iguanas
  18 worker ants
  A hound skeleton (D:5)
  2 worker ant zombies
  20 gnolls
  13 adders
  2 howler monkey skeletons
  2 shadow imps
  2 oozes
  An adder zombie (D:6)
  A worm (D:4)
  A dart slug (D:1)
  4 leopard geckos
  40 orcs
  2 ball pythons
  4 bats (D:3)
  5 giant cockroaches
  8 goblins
  3 hobgoblins (D:2)
  9 jackals
  3 quokkas
  8 frilled lizards
  A jackal zombie (D:6)
  12 kobolds
  5 rats
364 creatures vanquished.

Vanquished Creatures (collateral kills)
  An ugly thing (D:14)
1 creature vanquished.

Grand Total: 365 creatures vanquished

Notes
Turn   | Place    | Note
-------+----------+-------------------------------------------
     0 | D:1      | DildoBatman the Formicid Enchanter began the quest for the Orb.
     0 | D:1      | Reached XP level 1. HP: 13/13 MP: 3/3
   186 | D:1      | Reached skill level 1 in Fighting
   240 | D:1      | Reached XP level 2. HP: 14/21 MP: 3/5
  1094 | D:2      | Reached XP level 3. HP: 23/28 MP: 3/6
  1107 | D:2      | Learned a level 3 spell: Confuse
  1543 | D:3      | Reached XP level 4. HP: 32/35 MP: 1/7
  1583 | D:3      | Reached skill level 4 in Hexes
  2273 | D:3      | Reached XP level 5. HP: 40/41 MP: 6/8
  2474 | D:4      | Noticed a centaur
  2623 | D:3      | Reached skill level 1 in Armour
  2824 | D:4      | Noticed LiquoriceLizzard's ghost (amateur GnWn)
  2877 | D:4      | Gained mutation: You are somewhat resistant to further mutation. [potion of mutation]
  2881 | D:4      | Reached skill level 5 in Stealth
  2889 | D:4      | Killed a centaur
  2889 | D:4      | Reached XP level 6. HP: 34/47 MP: 1/9
  3723 | D:4      | Noticed a phantom
  4180 | D:4      | Reached XP level 7. HP: 31/54 MP: 0/10
  4748 | D:5      | Entered Level 5 of the Dungeon
  4963 | D:5      | Found a blossoming altar of Fedhas.
  5015 | D:5      | Noticed Dowan
  5037 | D:5      | Noticed a water moccasin
  5845 | D:5      | Reached skill level 5 in Fighting
  6175 | D:6      | Reached skill level 5 in Armour
  6205 | D:6      | Reached XP level 8. HP: 55/62 MP: 11/11
  6863 | D:6      | Found a bloodstained altar of Trog.
  7001 | D:6      | Found a runed door.
  7001 | D:6      | Noticed a human
  7022 | D:6      | Found a basalt altar of Yredelemnul.
  7737 | D:7      | Noticed a hippogriff
  7981 | D:7      | Found a sparkling altar of Nemelex Xobeh.
  8030 | D:7      | Noticed a hornet
  8128 | D:7      | Got a scorched dagger
  8129 | D:7      | Identified the +8 dagger of Currency {pain, +Inv rC+} (You found it on level 7 of the Dungeon)
  8407 | D:7      | Found a staircase to the Ecumenical Temple.
  8420 | Temple   | Entered the Ecumenical Temple
  8503 | Temple   | Became a worshipper of Sif Muna the Loreminder
  8602 | D:7      | Reached skill level 1 in Evocations
  8778 | D:7      | HP: 2/64 [hornet (13)]
  8780 | D:7      | Lost mutation: You are somewhat resistant to further mutation. [potion of mutation]
  8780 | D:7      | Gained mutation: You are resistant to electric shocks. (rElec) [potion of mutation]
  8780 | D:7      | Gained mutation: Your flesh is cold resistant. (rC+) [potion of mutation]
  8789 | D:7      | Killed a hornet
  8789 | D:7      | Reached skill level 5 in Hexes
  8789 | D:7      | Reached XP level 9. HP: 31/69 MP: 10/12
  9013 | D:6      | Reached skill level 6 in Hexes
  9372 | D:5      | Reached skill level 7 in Hexes
  9372 | D:5      | Reached skill level 5 in Evocations
  9456 | D:5      | Reached * piety under Sif Muna
  9515 | D:5      | Noticed Duvessa
  9649 | D:7      | Killed a hippogriff
  9649 | D:7      | Reached skill level 8 in Hexes
  9777 | D:8      | Found a radiant altar of Vehumet.
  9828 | D:8      | Reached skill level 9 in Hexes
  9886 | D:8      | Reached XP level 10. HP: 74/76 MP: 9/13
  9982 | D:8      | Found a staircase to the Lair.
 10084 | D:8      | Found Ipnop's Weapon Shop.
 10118 | D:8      | Reached skill level 10 in Hexes
 10190 | D:8      | Noticed a two-headed ogre
 10237 | D:8      | Killed a two-headed ogre
 10237 | D:8      | Reached ** piety under Sif Muna
 10237 | D:8      | Reached skill level 11 in Hexes
 10440 | D:8      | Noticed Gastronok
 11388 | D:9      | Noticed a two-headed ogre
 11602 | D:9      | Found a flagged portal.
 11608 | D:9      | Got a faintly glowing spear
 11615 | D:9      | Identified the +4 spear of Fifongao {freeze, Dex+2} (You found it on level 9 of the Dungeon)
 11789 | Bailey   | Entered a bailey
 12794 | Bailey   | Reached skill level 12 in Hexes
 12820 | Bailey   | Reached *** piety under Sif Muna
 12947 | Bailey   | Got a heavily runed ruby amulet
 13099 | Bailey   | Got a heavily runed plate armour
 13157 | D:9      | Identified the +6 plate armour of Nobility {rElec rCorr Int+2 Dex-5} (You took it off a gnoll in a bailey)
 13168 | D:9      | Identified the amulet of Attitude {Harm *Drain rElec MR+ Stlth+} (You took it off a gnoll in a bailey)
 13325 | D:9      | Reached skill level 5 in Spellcasting
 13486 | D:9      | Killed a two-headed ogre
 13486 | D:9      | Reached XP level 11. HP: 81/81 MP: 19/19
 13741 | D:10     | Entered Level 10 of the Dungeon
 14149 | D:10     | Reached skill level 13 in Hexes
 14164 | D:10     | Reached **** piety under Sif Muna
 14274 | D:10     | Noticed an unseen horror
 14279 | D:10     | Killed an unseen horror
 14407 | D:10     | Learned a level 2 spell: Swiftness
 14508 | D:10     | Noticed an unseen horror
 14524 | D:10     | Got an ebony hand axe {chop}
 14526 | D:10     | Identified the +6 hand axe "Gifous" {chop, rF- Int+5 Dex+5} (You took it off an orc priest on level 10 of the Dungeon)
 14704 | D:10     | Killed an unseen horror
 14957 | D:11     | Noticed Erica
 15012 | D:10     | Killed Erica
 15393 | D:11     | Noticed a two-headed ogre
 15470 | D:11     | Killed a two-headed ogre
 15531 | D:11     | Reached XP level 12. HP: 68/88 MP: 23/23
 15704 | D:11     | Noticed Grum
 15765 | D:11     | Killed Grum
 15823 | D:11     | Noticed Snorg
 15842 | D:11     | Killed Snorg
 15849 | D:11     | Reached skill level 14 in Hexes
 15999 | D:11     | Found a deep blue altar of Sif Muna.
 16280 | D:12     | Learned a level 3 spell: Regeneration
 16374 | D:12     | Reached ***** piety under Sif Muna
 16476 | D:12     | Noticed a seven-headed hydra
 16637 | D:12     | Found a staircase to the Orcish Mines.
 16693 | D:12     | Killed a seven-headed hydra
 17216 | D:13     | Noticed a tengu warrior
 17216 | D:13     | Noticed a tengu warrior
 17223 | D:13     | Noticed an unseen horror
 17357 | D:12     | Killed a tengu warrior
 17357 | D:12     | Received a gift from Sif Muna
 17399 | D:12     | Learned a level 2 spell: Slow
 17469 | D:13     | Killed an unseen horror
 17497 | D:13     | Killed a tengu warrior
 17626 | D:13     | Reached XP level 13. HP: 47/95 MP: 23/26
 17747 | D:13     | Reached skill level 15 in Hexes
 18038 | D:13     | Noticed Erolcha
 18063 | D:13     | Killed Erolcha
 18346 | D:13     | Found a gateway to a bazaar.
 18377 | Bazaar   | Entered a bazaar
 18381 | Bazaar   | Found Raneygea's Magic Scroll Boutique.
 18399 | Bazaar   | Found Hikhlepp's Antique Armour Emporium.
 18416 | Bazaar   | Found Irof's Gadget Boutique.
 18433 | Bazaar   | Found Divis's Antique Weapon Shoppe.
 18470 | Bazaar   | Bought a slimy leather armour for 105 gold pieces
 18500 | Bazaar   | Bought an ancient dagger for 168 gold pieces
 18500 | Bazaar   | Bought an ichor-stained falchion for 192 gold pieces
 18559 | Bazaar   | Bought a sack of spiders for 140 gold pieces
 18603 | D:13     | Identified the +4 dagger of Butchery {flame, rElec rC+} (You bought it in a shop in a bazaar)
 18604 | D:13     | Identified the +1 falchion of Summer {holy, Int+6} (You bought it in a shop in a bazaar)
 18615 | D:13     | Identified the +1 leather armour "Wisew" {Str+6} (You bought it in a shop in a bazaar)
 18767 | D:13     | Reached skill level 16 in Hexes
 18836 | D:13     | Noticed a vault guard
 18945 | D:12     | Killed a vault guard
 19012 | D:13     | Found a gate to the Vaults.
 19049 | D:13     | Noticed a vault guard
 19051 | D:13     | Noticed a vault guard
 19143 | D:13     | Killed a vault guard
 19243 | D:13     | Killed a vault guard
 19258 | D:13     | Noticed a vault guard
 19292 | D:13     | Killed a vault guard
 19337 | D:13     | Reached skill level 17 in Hexes
 19393 | D:14     | Found a glowing golden altar of the Shining One.
 19610 | D:14     | Identified Sif Muna's Reference Book on Damage Dealing and Bewitchment (Sif Muna gifted it to you on level 14 of the Dungeon)
 19610 | D:14     | Received a gift from Sif Muna
 19650 | D:14     | HP: 4/96 [red ugly thing (15)]
 19659 | D:14     | HP: 3/96 [red ugly thing (7)]
 19659 | D:14     | Demolished by a red ugly thing

Skill      XL: |  1  2  3  4  5  6  7  8  9 10 11 12 13 |
---------------+----------------------------------------+-----
Fighting       | 1 2 3 4 5 6 7 |  7.0
Dodging        | 2 3 4 |  4.0
Stealth        | 4 5 7 8 |  8.0
Hexes          | 4 5 9 12 13 14 17 | 17.2
Armour         | 3 4 5 6 7 |  7.0
Evocations     | 3 5 6 9 |  9.0
Spellcasting   | 5 7 9 |  9.0
Short Blades   | |  1.0

Action                   |  1- 3 |  4- 6 |  7- 9 | 10-12 | 13-15 || total
-------------------------+-------+-------+-------+-------+-------++-------
Melee: Spear             |    81 |   214 |   292 |   219 |   197 ||  1003
       Dagger            |     4 |       |   161 |   512 |    35 ||   712
       Hand axe          |       |       |       |   276 |    55 ||   331
       Falchion          |       |       |       |       |     5 ||     5
 Cast: Corona            |    26 |    61 |   117 |   103 |       ||   307
       Confuse           |       |     8 |    63 |   186 |    66 ||   323
       Slow              |       |       |       |     4 |    35 ||    39
 Abil: Dig               |     3 |     6 |    14 |    20 |     1 ||    44
Evoke: Wand              |       |       |     1 |       |       ||     1
  Use: Potion            |       |     8 |     3 |       |       ||    11
       Scroll            |       |       |     1 |     8 |     1 ||    10
 Stab: Sleeping          |       |     2 |     3 |    13 |     5 ||    23
       Confused          |       |       |    19 |   112 |    42 ||   173
       Distracted        |       |       |       |     2 |       ||     2
  Eat: Chunk             |     2 |    12 |    20 |    37 |     7 ||    78
       Ration            |       |       |     4 |       |       ||     4
Armor: Leather armour    |    18 |    22 |       |       |       ||    40
       Ring mail         |       |    55 |   170 |    62 |       ||   287
       Troll leather arm |       |       |       |    60 |    23 ||    83
Dodge: Dodged            |    51 |   141 |   274 |   388 |    51 ||   905
Block: Other             |       |       |    21 |    18 |       ||    39
